 Dungeon Crawl Stone Soup version 0.31-a0-177-g4aa6249778 (webtiles) character file.

Game seed: 8169024396909260956

130 qw the Chopper (level 5, -1/32 HPs)
             Began as a Gargoyle Fighter on June 18, 2023.
             Slain by an ice beast (7 damage)
             ... on level 3 of the Dungeon.
             The game lasted 00:01:36 (2410 turns).

qw the Chopper (Gargoyle Fighter)                   Turns: 2410, Time: 00:01:37

Health: -1/32      AC: 15    Str: 21    XL:     5   Next: 14%
Magic:  5/5        EV:  9    Int:  9    God:
Gold:   128        SH:  4    Dex:  9    Spells: 4/4 levels left

rFire   + . .        Y - +0 war axe
rCold   . . .        c - +0 buckler
rNeg    + . .        b - +0 scale mail
rPois   inf          (no helmet)
rElec   +            e - +2 cloak of the Thief {*Fog Slay-2 SInv Stlth+}
rCorr   .            (no gloves)
SInv    +            l - +0 pair of boots
Will    .....        (no amulet)
Stlth   +            f - ring of protection from fire
HPRegen 0.25/turn    (no ring)
MPRegen 0.09/turn

%: no passive effects
@: no status effects
A: sickness immunity, AC +4, negative energy resistance 1, electricity
resistance, torment resistance 1, petrification resistance
a: no special abilities


You were on level 3 of the Dungeon.
You visited 1 branch of the dungeon, and saw 3 of its levels.

You collected 184 gold pieces.
You spent 56 gold pieces at shops.


Innate Abilities, Weirdness & Mutations

You are immune to sickness and miasma.
Your stone body is resilient. (AC +4)
You are immune to poison.
You resist negative energy. (rN+)
You are resistant to electric shocks. (rElec)
You are resistant to unholy torment.
You are immune to petrification.


   Skills:
 - Level 3.2 Fighting
 + Level 4.7 Axes
 - Level 3.2 Armour
 - Level 3.2 Shields


You had 4 spell levels left.
You didn't know any spells.
Your spell library was empty.

Inventory:

Hand Weapons
 o - a +0 mace
 Y - a +0 war axe (weapon)
Missiles
 q - 3 boomerangs (quivered)
Armour
 b - a +0 scale mail (worn)
 c - a +0 buckler (worn)
 e - the +2 cloak of the Thief (worn) {*Fog Slay-2 SInv Stlth+}
   (You acquired it on level 2 of the Dungeon)

   *Fog:      It may release a thick cloud of smoke when the wearer is hurt.
   Slay:      It affects your accuracy & damage with ranged weapons and melee
   (-2).
   SInv:      It lets you see invisible.
   Stlth:     It makes you more stealthy.
 l - a +0 pair of boots (worn)
 r - a +0 chain mail
 s - a +2 chain mail of fire resistance
Jewellery
 f - a ring of protection from fire (left hand)
 n - a ring of see invisible
Scrolls
 g - 6 scrolls of identify
 h - a scroll of teleportation
 k - a scroll of immolation {unknown}
 m - a scroll of silence {unknown}
Potions
 a - a potion of mutation
 d - a potion of might
 i - 3 potions of curing
 j - a potion of attraction
 p - a potion of invisibility {unknown}

Dungeon Overview and Level Annotations

Branches:
Dungeon (3/15)

Altars:

Shops:
D:1 ?


Message History

An ice beast is nearby!
You throw a boomerang.
The boomerang closely misses the ice beast.
You throw a boomerang.
The boomerang hits the ice beast but does no damage.
You throw a boomerang.
The boomerang hits the ice beast but does no damage.
You throw a boomerang.
The boomerang barely misses the ice beast.
You throw a boomerang. The boomerang hits the ice beast.
The ice beast is lightly wounded.
You barely miss the ice beast.
The ice beast is lightly wounded.
The ice beast closely misses you.
You barely miss the ice beast.
The ice beast is lightly wounded.
The ice beast hits you but does no damage.
The ice beast completely misses you.
You hit the ice beast.
The ice beast is lightly wounded.
You block the ice beast's attack.
You hit the ice beast.
The ice beast is moderately wounded.
The ice beast hits you. The ice beast freezes you!
With a swish of your cloak, you release a cloud of fog.
You closely miss the ice beast.
The ice beast is moderately wounded.
The ice beast hits you but does no damage. x2
You hit the ice beast.
The ice beast is heavily wounded.
The ice beast hits you but does no damage.
You hit the ice beast.
The ice beast is heavily wounded.
The ice beast hits you. The ice beast freezes you!
With a swish of your cloak, you release a cloud of fog.
You slash the ice beast!
The ice beast is almost dead.
The ice beast closely misses you. The ice beast hits you.
The ice beast freezes you!
You die...

##.##.......########.# ##.###
##.###.#....# #.# #.# ...#
#<###..# ##'## #.# #### #.###..#
##...## #.# # #......# ##.....##
#.## # #####..# ##.......# #..##
#########...####¤¤¤......####...#
............).¤¤¤¤¤......+.......
#########....###@Y¤......####:..#
## #......# ##¤¤.....## #..## .#
#>##.#.# ##¤....## #.### .#
#.##.#.# ##...## #...# .#
#.##...# ###+## ### #.#.# .#
#.###### #.... ..# #...# .# #.#
#.#.# #.# ##.## .# #.# ###.#.##
#.# #.# .# #.# #......###.# #.#


You could see an ice beast.

Vanquished Creatures
  4 adders
  A worm (D:2)
  5 dart slugs
  2 orcs (D:3)
  7 ball pythons
  5 bats
  10 endoplasms
  A giant cockroach (D:1)
  6 goblins
  8 hobgoblins
  3 jackals (D:2)
  6 kobolds
  5 quokkas
  4 frilled lizards
  8 rats
75 creatures vanquished.

Notes
Turn   | Place    | Note
-------+----------+-------------------------------------------
     0 | D:1      | qw the Gargoyle Fighter began the quest for the Orb.
     0 | D:1      | Reached XP level 1. HP: 14/14 MP: 1/1
     0 | D:1      | 0 ||| qw: Version: 0.3-a-7-ge0c9b40
     0 | D:1      | 0 ||| qw: Game counter: 713
     0 | D:1      | 0 ||| qw: Always use a shield: true
     0 | D:1      | 0 ||| qw: God list: Okawaru
     0 | D:1      | 0 ||| qw: Allow faded altars: false
     0 | D:1      | 0 ||| qw: Do Orc after D:15 true
     0 | D:1      | 0 ||| qw: Do second Lair branch before Depths: true
     0 | D:1      | 0 ||| qw: Lair rune preference: random
     0 | D:1      | 0 ||| qw: Plans: Normal, Zot:1-4, Slime:5, God:TSO, Crypt,
                  | Tomb, Abyss, Pan, Hells, Win
     0 | D:1      | 0 ||| PLANNING D:1-11
    61 | D:1      | Reached skill level 2 in Axes
   108 | D:1      | Reached XP level 2. HP: 14/19 MP: 2/2
   177 | D:1      | 177 ||| Stepping ~*~*~tactically~*~*~ (hiding).
   302 | D:1      | Reached skill level 3 in Axes
   354 | D:1      | Reached XP level 3. HP: 23/23 MP: 3/3
   379 | D:1      | Found Ysuwk's Magic Scroll Emporium.
   402 | D:1      | 402 ||| BUYING scroll of identify (28 gold).
   402 | D:1      | Bought a scroll of identify for 28 gold pieces
   402 | D:1      | 402 ||| BUYING scroll of identify (28 gold).
   402 | D:1      | Bought a scroll of identify for 28 gold pieces
   474 | D:1      | 474 ||| Stepping ~*~*~tactically~*~*~ (stealth).
   494 | D:1      | 494 ||| DROPPING +0 club.
   784 | D:1      | 784 ||| UPGRADING to ring of protection from fire.
   785 | D:1      | 785 ||| READING scroll labelled VIUCKI DIURIYN.
   786 | D:1      | 786 ||| READING 2 scrolls labelled VAIRIA AWKY.
   791 | D:1      | 791 ||| DRINKING 3 pink potions.
   935 | D:2      | Reached XP level 4. HP: 21/28 MP: 4/4
  1105 | D:2      | 1105 ||| Stepping ~*~*~tactically~*~*~ (stealth).
  1131 | D:2      | Reached skill level 4 in Axes
  1573 | D:2      | 1573 ||| UPGRADING to +0 pair of boots.
  1578 | D:2      | 1578 ||| UPGRADING to ring of see invisible.
  1579 | D:2      | 1579 ||| READING scroll labelled YKUITE ICLAXOF.
  1580 | D:2      | 1580 ||| READING scroll labelled OPNUZXELIA.
  1580 | D:2      | Identified a scroll of acquirement
  1580 | D:2      | 1580 ||| ACQUIRING +2 cloak of the Thief {*Fog Slay-2 SInv
                  | Stlth+}
  1580 | D:2      | Acquired the +2 cloak of the Thief {*Fog Slay-2 SInv
                  | Stlth+}
  1580 | D:2      | Found the +2 cloak of the Thief {*Fog Slay-2 SInv Stlth+}
  1582 | D:2      | 1582 ||| UPGRADING to +2 cloak of the Thief {*Fog Slay-2
                  | SInv Stlth+}.
  1587 | D:2      | 1587 ||| REMOVING ring of see invisible.
  1588 | D:2      | 1588 ||| READING 8 scrolls of identify.
  1588 | D:2      | 1588 ||| IDENTIFYING metallic golden potion
  1589 | D:2      | 1589 ||| READING 7 scrolls of identify.
  1589 | D:2      | 1589 ||| IDENTIFYING bubbling coppery potion
  1655 | D:3      | 1655 ||| DROPPING +0 whip.
  1842 | D:3      | Noticed an ice beast
  1843 | D:3      | 1843 ||| Stepping ~*~*~tactically~*~*~ (hiding).
  1868 | D:3      | HP: 1/28 [ice beast (12)]
  1869 | D:3      | 1869 ||| READING 2 scrolls of teleportation.
  1991 | D:3      | 1991 ||| Stepping ~*~*~tactically~*~*~ (hiding).
  2241 | D:3      | 2241 ||| Stepping ~*~*~tactically~*~*~ (stealth).
  2270 | D:3      | 2270 ||| Stepping ~*~*~tactically~*~*~ (hiding).
  2280 | D:3      | Reached XP level 5. HP: 32/32 MP: 5/5
  2312 | D:3      | 2312 ||| Stepping ~*~*~tactically~*~*~ (stealth).
  2314 | D:3      | 2314 ||| Stepping ~*~*~tactically~*~*~ (stealth).
  2315 | D:3      | 2315 ||| Stepping ~*~*~tactically~*~*~ (stealth).
  2332 | D:3      | 2332 ||| Stepping ~*~*~tactically~*~*~ (stealth).
  2410 | D:3      | HP: 6/32 [ice beast (3)]
  2410 | D:3      | Slain by an ice beast

Levels and vault maps discovered:
D:1:      dpeg_arrival_ratfight, layout_basic, serial_shops, shop_coins
D:2:      layout_loops_ring
D:3:      minmay_octagon_keep, layout_loops_corners,
          gammafunk_temple_overflow_elements

Skill      XL: |  1  2  3  4 |
---------------+-------------+-----
Axes           | 2 3 4 |  4.7
Fighting       | |  3.2
Armour         | |  3.2
Shields        | |  3.2

Action                     |  1- 3 |  4- 6 || total
---------------------------+-------+-------++-------
  Melee: War axe           |   157 |   144 ||   301
  Throw: Boomerang         |     2 |     9 ||    11
    Use: Scroll            |     2 |     5 ||     7
         Potion            |     1 |       ||     1
 Armour: Scale mail        |    88 |    77 ||   165
  Dodge: Dodged            |    68 |    66 ||   134
  Block: Buckler           |    18 |    14 ||    32

Table legend:
 A = Non-vault XP
 B = Vault XP
 C = Vault XP percentage of total XP
 D = Non-vault monster count
 E = Vault monster count
 F = Vault count percentage of total count
                 A         B        C        D         E       F
            +---------+---------+-------+---------+---------+-------
      Total |     136 |      51 |  27.3 |      57 |      18 |  24.0
            +---------+---------+-------+---------+---------+-------
        D:1 |      58 |       5 |   7.9 |      29 |       5 |  14.7
        D:2 |      56 |       0 |   0.0 |      24 |       0 |   0.0
        D:3 |      22 |      46 |  67.6 |       4 |      13 |  76.5
            +---------+---------+-------+---------+---------+-------
